 Dungeon Crawl Stone Soup version 0.18.1-5-g4a78601 (webtiles) character file.

6243 Lovchig the Cleaver (level 10, 0/91 HPs)
             Began as a Minotaur Fighter on May 13, 2016.
             Was a Priest of Nemelex Xobeh.
             Killed by divine providence
             ... invoked by an orc high priest
              (16 damage)
             ... on level 1 of the Orcish Mines.
             The game lasted 00:31:30 (7019 turns).

Lovchig the Cleaver (Minotaur Fighter)              Turns: 7019, Time: 00:31:33

Health: 0/91       AC: 19    Str: 25    XL:     10   Next: 62%
Magic:  10/10      EV:  9    Int:  5    God:    Nemelex Xobeh [***...]
Gold:   860        SH: 12    Dex:  7    Spells: 0 memorised, 9 levels left

rFire  . . .     SeeInvis .     a - +1 war axe
rCold  . . .     Gourm    .     B - +0 plate armour
rNeg   . . .     Faith    .     c - +1 shield
rPois  +         Spirit   .     (helmet restricted)
rElec  .         Dismiss  .     v - +2 cloak
rCorr  .         Reflect  .     z - +0 pair of gloves
SustAt .         Harm     .     b - +0 pair of boots
MR     .....                    n - amulet of regeneration
Stlth  ..........               p - +2 ring of evasion
                                S - ring of stealth

@: magic armour, corroded, drained, not resistant to hostile enchantments,
extremely unstealthy
A: retaliatory headbutt, horns 2, clumsy 1, high mp 1, poison resistance
a: Triple Draw, Renounce Religion


You were on level 1 of the Orcish Mines.
You worshipped Nemelex Xobeh.
Nemelex Xobeh was most pleased with you.
You were not hungry.

You visited 2 branches of the dungeon, and saw 10 of its levels.

You collected 860 gold pieces.

Inventory:

Hand Weapons
 a - a +1 war axe (weapon)
 O - a +3 scimitar of flaming
Armour
 b - a +0 pair of boots (worn)
 c - a +1 shield (worn)
 v - a +2 cloak (worn)
 z - a +0 pair of gloves (worn)
 B - a +0 plate armour (worn)
Jewellery
 i - a +2 ring of slaying {unknown}
 n - an amulet of regeneration (around neck)
 p - a +2 ring of evasion (right hand)
 S - a ring of stealth (left hand)
Wands
 g - a wand of teleportation (5/9)
 h - a wand of paralysis (8/24)
 u - a wand of polymorph (6/24)
 y - a wand of iceblast (15/15)
 I - a wand of teleportation (5/9)
 J - a wand of slowing (33/48)
 P - a wand of flame (36/48)
 Q - a wand of flame (32/48)
Scrolls
 m - 5 scrolls of teleportation
 o - 3 scrolls of enchant armour
 r - 5 scrolls of remove curse
 s - 4 scrolls of enchant weapon
Potions
 d - 2 potions of might
 e - a potion of haste
 j - a potion of heal wounds
 t - 2 potions of degeneration
 C - 3 potions of cure mutation
 D - a potion of resistance
 K - 2 potions of magic
 N - a potion of lignification {unknown}
 R - a potion of flight {unknown}
Books
 H - an Akashic Record

   Spells                             Type                      Level
   a - Dispersal                      Translocation                6
   b - Malign Gateway                 Summoning/Translocation      7
   c - Disjunction                    Translocation                8
   d - Controlled Blink               Translocation                8
Miscellaneous
 w - an ornate deck of war {drawn: 4}
 x - a legendary deck of destruction {drawn: 4}
 E - a plain deck of destruction
 M - an ornate deck of destruction
Comestibles
 f - 4 bread rations
 k - 3 fruits
 l - 8 meat rations
 q - 3 slices of pizza
 A - a chunk of flesh
 F - 3 beef jerkies


   Skills:
 + Level 9.5(9.0) Fighting
 + Level 10.7(10.1) Axes
 + Level 9.1(8.5) Armour
 + Level 3.9(3.4) Dodging
 + Level 0.6(0.2) Stealth
 + Level 10.3(9.7) Shields
 + Level 0.3(0.0) Evocations


You had 9 spell levels left.
You didn't know any spells.

Dungeon Overview and Level Annotations

Branches:
Dungeon (9/15)             Temple (0/1) D:7             Orc (1/2) D:9
   Lair: D:8-11

Altars:
Ashenzari
Cheibriados
Fedhas
Gozag
Nemelex Xobeh
Ru
Vehumet
Yredelemnul
Zin
Beogh

Shops:
D:6 [


Innate Abilities, Weirdness & Mutations

You reflexively headbutt those who attack you in melee.
You have a pair of horns on your head.
You are clumsy. (Dex -2)
You have an increased reservoir of magic (+10% MP).
Your system is resistant to poisons.


Message History

Something hits Lovchig's illusion but does no damage.
The orc high priest hits Lovchig's illusion with a long sword.
The soul eater completely misses Lovchig's illusion.
Lovchig's illusion hits the rust devil!!
The rust devil dies!
The orc sorcerer gestures at you while chanting.
The bolt of fire hits you!
The orc warrior hits Lovchig's illusion but does no damage.
The red devil hops backward while attacking.
The red devil barely misses you.
Something barely misses Lovchig's illusion.
The soul eater closely misses Lovchig's illusion.
Lovchig's illusion misses the orc warrior.
The orc sorcerer casts a spell at you. The bolt of fire hits you!
* * * LOW HITPOINT WARNING * * *
The orc high priest invokes the aid of Beogh against you.
Beogh smites you!
You die...
Your body glows with a rainbow of weird colours and disappears.

... ..o ### .#....o
##.## ..#....
#...##.......
#.....#...... ..
#..3ooo...... .. ##..
##)##@3...... ... #...
#..)@o)......
#..###...###.##........
.....#..#.#..###4#.....
..............# .......
...............##
.......
...............#
.......
..............##
.......
............#.###
......
.......>........#


You could see a soul eater, an orc high priest, an orc sorcerer, a red devil, an
orc warrior and the friendly Lovchig's illusion.

Vanquished Creatures
  Erica (D:8)
  Pikel (D:4)
  A gargoyle (D:9)
  2 trolls (D:9)
  Prince Ribbit (D:7)
  3 yaks (D:9)
  Duvessa (D:5)
  An ice beast (D:8)
  2 slaves (D:4)
  3 sky beasts
  5 orc warriors
  2 phantoms
  A black bear (D:8)
  5 ogres
  4 big kobolds (D:5)
  6 giant frogs
  A wyvern zombie (D:8)
  Dowan (D:5)
  A scorpion (D:5)
  A howler monkey (D:7)
  4 crimson imps
  2 hounds
  A quasit (D:3)
  A giant frog zombie (D:7)
  4 orc priests
  16 orc wizards
  3 giant frog skeletons
  An iguana (D:3)
  Terence (D:3)
  A hell rat (D:7)
  A hound skeleton (D:7)
  A worker ant zombie (D:7)
  10 adders
  2 gnolls
  A howler monkey skeleton (D:4)
  A river rat (D:7)
  3 worms
  3 giant geckos
  44 orcs
  3 giant cockroaches
  8 goblins
  11 hobgoblins
  5 jackals (D:1)
  52 kobolds
  2 quokkas
  2 ball pythons
  5 bats
  10 giant newts
  6 rats
247 creatures vanquished.

Vanquished Creatures (collateral kills)
  2 orcs (Orc:1)
2 creatures vanquished.

Grand Total: 249 creatures vanquished

Notes
Turn   | Place    | Note
--------------------------------------------------------------
     0 | D:1      | Lovchig the Minotaur Fighter began the quest for the Orb.
     0 | D:1      | Reached XP level 1. HP: 19/19 MP: 0/0
    34 | D:1      | Reached XP level 2. HP: 23/27 MP: 1/1
   358 | D:1      | Reached XP level 3. HP: 33/33 MP: 2/2
   888 | D:2      | Reached skill level 1 in Dodging
   920 | D:2      | Reached XP level 4. HP: 41/41 MP: 3/3
  1321 | D:3      | Found a sparkling altar of Nemelex Xobeh.
  1333 | D:3      | Became a worshipper of Nemelex Xobeh the Trickster
  1355 | D:3      | Noticed Terence
  1367 | D:3      | Killed Terence
  1418 | D:3      | Reached XP level 5. HP: 15/47 MP: 4/4
  1514 | D:3      | Found an opulent altar of Gozag.
  1611 | D:3      | Received a gift from Nemelex Xobeh
  1773 | D:3      | Reached skill level 5 in Shields
  1911 | D:4      | Reached XP level 6. HP: 45/55 MP: 5/5
  1940 | D:4      | Gained mutation: You are clumsy. (Dex -2) [potion of mutation]
  1940 | D:4      | Gained mutation: Your system is resistant to poisons. [potion of mutation]
  1940 | D:4      | Gained mutation: You have an increased reservoir of magic (+10% MP). [potion of mutation]
  2058 | D:4      | Reached skill level 5 in Armour
  2213 | D:4      | Noticed a slave
  2213 | D:4      | Noticed a slave
  2214 | D:4      | Found a basalt altar of Yredelemnul.
  2224 | D:4      | Killed a slave
  2225 | D:4      | Noticed Pikel
  2229 | D:4      | Reached skill level 5 in Fighting
  2234 | D:4      | Noticed a slave
  2235 | D:4      | Killed a slave
  2239 | D:4      | Noticed a slave
  2249 | D:4      | Killed Pikel
  2249 | D:4      | Reached skill level 5 in Axes
  2249 | D:4      | Reached XP level 7. HP: 10/62 MP: 6/6
  2421 | D:5      | Entered Level 5 of the Dungeon
  2610 | D:5      | Reached XP level 8. HP: 68/70 MP: 7/7
  2751 | D:5      | Reached * piety under Nemelex Xobeh
  3003 | D:5      | Noticed Dowan
  3004 | D:5      | Noticed Duvessa
  3030 | D:5      | Killed Duvessa
  3040 | D:5      | Killed Dowan
  3686 | D:6      | Found Sucza's Armour Shoppe.
  3699 | D:6      | Found a glowing silver altar of Zin.
  3732 | D:6      | Received a gift from Nemelex Xobeh
  3917 | D:6      | Reached XP level 9. HP: 79/79 MP: 8/8
  4002 | D:6      | Reached ** piety under Nemelex Xobeh
  4636 | D:7      | Found a staircase to the Ecumenical Temple.
  4653 | D:7      | Noticed Prince Ribbit
  4787 | D:7      | Got a slimy leather armour
  4814 | D:7      | Found a snail-covered altar of Cheibriados.
  4830 | D:7      | Killed Prince Ribbit
  4873 | D:7      | Received a gift from Nemelex Xobeh
  4915 | D:7      | Found a runed door.
  5059 | D:7      | Found a roughly hewn altar of Beogh.
  5515 | D:8      | Noticed Erica
  5537 | D:8      | Killed Erica
  5537 | D:8      | Reached XP level 10. HP: 23/90 MP: 10/10
  5603 | D:8      | Found a basalt altar of Yredelemnul.
  5605 | D:8      | Found a sacrificial altar of Ru.
  5614 | D:8      | Found a radiant altar of Vehumet.
  6128 | D:7      | Found a blossoming altar of Fedhas.
  6249 | D:9      | Reached skill level 10 in Axes
  6281 | D:9      | Found a shattered altar of Ashenzari.
  6477 | D:9      | Reached skill level 10 in Shields
  6507 | D:9      | Noticed a gargoyle
  6516 | D:9      | Killed a gargoyle
  6542 | D:9      | Reached *** piety under Nemelex Xobeh
  6562 | D:9      | Received a gift from Nemelex Xobeh
  6698 | D:9      | Found a staircase to the Orcish Mines.
  6864 | Orc:1    | Entered Level 1 of the Orcish Mines
  6994 | Orc:1    | Noticed an orc high priest
  6995 | Orc:1    | Noticed an orc sorcerer
  6996 | Orc:1    | Noticed a soul eater
  7007 | Orc:1    | Noticed a rust devil
  7019 | Orc:1    | Killed from afar by an orc high priest

Skill      XL: |  1  2  3  4  5  6  7  8  9 10 |
---------------+-------------------------------+-----
Armour         | 4 5 6 8 9 |  9.1
Fighting       | 4 5 6 7 8 9 |  9.5
Shields        | 4 5 6 7 9 10 | 10.3
Axes           | 3 5 7 9 10 | 10.7
Dodging        | 1 2 3 |  3.9
Stealth        | |  0.6
Evocations     | |  0.3

Action                   |  1- 3 |  4- 6 |  7- 9 | 10-12 || total
-------------------------+-------+-------+-------+-------++-------
Melee: War axe           |    85 |   158 |   366 |   164 ||   773
       Headbutt          |     8 |    23 |    56 |    28 ||   115
Evoke: Deck              |       |       |     4 |     4 ||     8
  Use: Scroll            |     5 |     6 |       |     8 ||    19
       Potion            |       |     2 |     1 |       ||     3
  Eat: Chunk             |       |     5 |     7 |     5 ||    17
       Bread ration      |       |       |     1 |       ||     1
Armor: Scale mail        |    20 |       |       |       ||    20
       Chain mail        |    40 |    58 |       |       ||    98
       Plate armour      |       |    86 |   193 |    86 ||   365
Dodge: Dodged            |    34 |    66 |    99 |    47 ||   246
Block: Shield            |    76 |   110 |   242 |   123 ||   551
